 Dungeon Crawl Stone Soup version 0.30-a0-137-gd8773701ce (webtiles) character file.

Game seed: 4523828120020166125

45 KennySheep the Chopper (level 3, 0/46 HPs)
             Began as a Palentonga Berserker on Sept 23, 2022.
             Was a Follower of Trog.
             Slain by a hobgoblin (2 damage)
             ... led by Robin
             ... on level 2 of the Dungeon.
             The game lasted 00:01:24 (1144 turns).

KennySheep the Chopper (Palentonga Berserker)       Turns: 1144, Time: 00:01:25

Health: 0/46       AC:  4    Str: 24    XL:     3   Next: 42%
Magic:  3/3        EV: 10    Int:  7    God:    Trog [*.....]
Gold:   69         SH:  0    Dex:  9    Spells: 2/2 levels left

rFire   . . .      SeeInvis +    a - +0 hand axe
rCold   . . .      Faith    .    (no shield)
rNeg    . . .      Spirit   .    b - +0 animal skin
rPois   .          Reflect  .    (no helmet)
rElec   .          Harm     .    (no cloak)
rCorr   .          Rampage  .    (no gloves)
Will    .....                    (no barding)
Stlth   ..........               (no amulet)
HPRegen 0.15/turn                (no ring)
MPRegen 0.08/turn                (no ring)

@: berserking, very quick
A: large, rugged brown scales 3, see invisible, deformed body, roll 1, armoured
tail
a: Rolling Charge, Renounce Religion, Berserk


You were on level 2 of the Dungeon.
You worshipped Trog.
Trog was aware of your devotion.
You visited 1 branch of the dungeon, and saw 2 of its levels.

You collected 69 gold pieces.

Inventory:

Hand Weapons
 a - a +0 hand axe (weapon)
Armour
 b - a +0 animal skin (worn)
Scrolls
 c - a scroll of brand weapon {unknown}
 d - a scroll of identify {unknown}
 f - a scroll of blinking {unknown}
 g - a scroll of enchant weapon {unknown}
Potions
 e - 2 potions of lignification {unknown}
 h - a potion of attraction {unknown}


   Skills:
 + Level 3.3 Fighting
 * Level 3.7 Axes
 + Level 2.0 Armour
 + Level 2.0 Dodging


You had 2 spell levels left.
You didn't know any spells.
Your spell library was empty.

Dungeon Overview and Level Annotations

Branches:
Dungeon (2/15)

Altars:

Annotations:
D:2 Robin


Innate Abilities, Weirdness & Mutations

You are completely covered in rugged brown scales. (AC +3, +7% HP)
You have supernaturally acute eyesight. (SInv)
Armour fits poorly on your strangely shaped body.
You can roll at nearby foes to attack.
You have a long armoured tail.


Message History

Your Armour skill increases to level 2!
The goblin attacks as you move away! The goblin barely misses you.
The goblin hits you with a +0 dagger.
The hobgoblin hits you but does no damage.
Things that are here:
a +1 dagger of speed; a +0 club; a goblin corpse You miss the goblin.
You barely miss the hobgoblin. You closely miss the goblin.
The goblin hits you with a +0 dagger. The goblin hits you but does no damage.
The hobgoblin hits you but does no damage.
You barely miss Robin. You barely miss the goblin. You hit the goblin.
You kill the goblin!
Trog accepts your kill.
You closely miss the hobgoblin. The goblin hits you with a +0 dagger.
Robin hits you with a +4 falchion of flaming.
Robin burns you. The hobgoblin hits you. The goblin barely misses you.
Robin hits you with a +4 falchion of flaming.
* * * LOW HITPOINT WARNING * * *
Robin burns you.
* * * LOW HITPOINT WARNING * * *
The hobgoblin hits you but does no damage.
You slash Robin!
Robin is heavily wounded.
You hit the goblin.
You kill the goblin!
Trog accepts your kill.
You hit the hobgoblin but do no damage. Robin closely misses you.
The hobgoblin barely misses you.
Your Dodging skill increases to level 2!
You hit Robin.
Robin is severely wounded.
You hit the hobgoblin but do no damage.
Robin hits you with a +4 falchion of flaming.
* * * LOW HITPOINT WARNING * * *
Robin burns you.
* * * LOW HITPOINT WARNING * * *
The hobgoblin closely misses you.
A red film seems to cover your vision as you go berserk!
You feel yourself moving faster!
You feel mighty! The hobgoblin hits you.
You die...

### ##### #######.##
#...#####.........
#.#.##.......##.##
#.#.##.##.##.##.##
#.#.......##.##...
###.####.#####.#####
#.g))..#.......# #
#.#@##.######### #
#.#g# # # # #g# #
#g# # $g. #.. ##. .#


You could see Robin, a hobgoblin (strong) and 3 goblins.

Vanquished Creatures
  An adder (D:2)
  2 worms (D:2)
  4 endoplasms
  4 giant cockroaches
  7 goblins
  2 hobgoblins
  5 ball pythons
  2 bats
  A frilled lizard (D:2)
28 creatures vanquished.

Notes
Turn   | Place    | Note
-------+----------+-------------------------------------------
     0 | D:1      | KennySheep the Palentonga Berserker began the quest for the
                  | Orb.
     0 | D:1      | Reached XP level 1. HP: 19/19 MP: 1/1
   296 | D:1      | Reached XP level 2. HP: 25/25 MP: 2/2
   340 | D:1      | Found a faded altar of an unknown god.
   783 | D:2      | Reached XP level 3. HP: 30/31 MP: 3/3
   917 | D:2      | Found the +18 shield of the Gong {rElec rN+ Will+ EV-5}
  1131 | D:2      | Noticed Robin
  1143 | D:2      | HP: 1/31 [Robin/+4 falchion of flaming (2)]
  1144 | D:2      | Slain by a hobgoblin

Illustrated notes

Levels and vault maps discovered:
D:1:      elethiomel_arrival_quiet, layout_basic,
          shapermc_ecumenical_altar_mp_vishouse, ebering_dispersal_statue_hall
D:2:      layout_loops_cross, basic_altar, uniq_robin, uniq_crazy_yiuf_cottage

Skill      XL: |  1  2  3 |
---------------+----------+-----
Armour         | 2 |  2.0
Dodging        | 2 |  2.0
Fighting       | |  3.3
Axes           | |  3.7

Action                   || total
-------------------------++-------
Melee: Hand axe          ||    55
       Tailslap          ||     4
Invok: Berserk           ||     1
 Abil: Rolling Charge    ||     1
Armor: Animal skin       ||    21
Dodge: Dodged            ||    24

Table legend: (Time is in decaauts)
 A = Elapsed time spent in this place.
 B = Non-inter-level travel time spent in this place.
 C = Inter-level travel time spent in this place.
 D = Time resting spent in this place.
 E = Time spent auto-exploring this place.
 F = Levels seen in this place.
 G = Mean time per level.
                   A        B        C        D        E       F      G
               +--------+--------+--------+--------+--------+-----+--------+
         Total |   1151 |   1134 |     17 |      0 |    974 |   2 |  575.5 |
       Dungeon |   1151 |   1134 |     17 |      0 |    974 |   2 |  575.5 |
               +--------+--------+--------+--------+--------+-----+--------+

Top non-repeatable levels by time:
     D:1: 724 daAuts
     D:2: 427 daAuts
